Map: Terrenos sagrados

Players

MrFercho - Winner!

  • Race: Zerg Zerg
  • Spawn Location: 12:00

tigro

  • Race: Terran Terran
  • Spawn Location: 6:00

TATORREA

  • Race: Terran Terran
  • Spawn Location: 12:00

VOD

Have the link to the VOD?

Description

Time

  • Played on: March 30, 2020, 9:59 p.m.
  • Length: 31:56
Show
View Real Time Build Order
Export as new Build Order

MrFercho Zerg - Winner!

Build Orders: Hatch First 

Get SALT Encoding   

  12  0:03  Drone  
  13  0:15  Overlord  
  13  0:19  Drone  
  14  0:43  Drone  
  15  0:57  Hatchery  
  14  1:09  Drone x3  
  17  1:33  Extractor  
  17  1:36  Drone x2  
  18  2:10  Extractor  
  18  2:14  Drone x3  
  18  2:15  Drone  
  21  2:35  Hatchery  
  20  2:38  Hatchery  
  19  2:44  Drone  
  19  2:45  Drone x4  
  24  3:10  Drone x4  
  28  3:29  Overlord x3  
  28  3:30  Overlord  
  28  3:39  Spawning Pool  
  27  3:49  Drone x4  
  31  4:07  Extractor  
  30  4:12  Drone x6  
  30  4:13  Drone x4  
  40  4:40  Hatchery  
  39  4:50  Zergling x4  
  39  4:51  Zergling x12  
  39  4:52  Zergling x8  
  51  4:53  Hatchery  
  50  5:04  Drone x4  
  54  5:25  Drone x5  
  54  5:26  Drone x3  
  62  6:02  Extractor  
  62  6:03  Extractor  
  60  6:09  Drone x4  
  60  6:10  Drone x6  
  60  6:11  Drone x2  
  72  6:12  Extractor, Drone x3  
  74  7:00  Extractor  
  73  7:03  Extractor  
  72  7:20  Evolution Chamber  
  72  7:21  Evolution Chamber x2  
  69  7:30  Roach Warren  
  69  7:32  Lair  
  69  7:36  Drone x5  
  69  7:37  Baneling Nest, Drone x6  
  75  7:38  Drone x5  
  75  7:39  Drone  
  75  7:42  Overlord  
  84  7:56  Metabolic Boost  
  84  8:04  Overlord x3  
  84  8:05  Overlord x5  
  84  8:06  Overlord x3  
  84  8:07  Overlord  
  84  8:55  Centrifical Hooks  
  84  8:57  Glial Reconstitution  
  84  9:02  Zerg Melee Weapons Level 1, Zerg Missile Weapons Level 1  
  84  9:03  Zerg Ground Armor Level 1  
  84  9:09  Queen  
  86  9:13  Drone x3  
  86  9:14  Drone x6  
  86  9:15  Drone x3  
  98  9:20  Drone x2  
  98  9:21  Drone  
  101  9:40  Hatchery  
  101  9:42  Hatchery  
  101  9:44  Queen  
  101  9:47  Hatchery  
  100  9:53  Hatchery  
  100  9:54  Hatchery  
  98  10:00  Spire  
  98  10:01  Hatchery  
  98  10:02  Spire  
  98  10:04  Spire  
  98  10:06  Infestation Pit  
  93  10:08  Infestation Pit  
  92  10:16  Tunneling Claws  
  92  10:18  Hydralisk Den, Burrow  
  92  10:19  Pneumatized Carapace  
  92  10:21  Queen x3, Hydralisk Den  
  96  10:44  Baneling x2  
  96  10:45  Baneling x2  
  96  10:46  Baneling x11  
  96  10:47  Baneling x9  
  96  11:01  Zerg Missile Weapons Level 2, Zerg Ground Armor Level 2, Zerg Melee Weapons Level 2  
  96  11:05  Hive  
  96  11:08  Neural Parasite  
  96  11:09  Pathogen Glands  
  96  11:13  Muscular Augments, Grooved Spines  
  96  11:20  Drone x6  
  102  12:06  Extractor, Unknown  
  102  12:07  Extractor  
  100  12:12  Extractor  
  100  12:13  Extractor  
  100  12:15  Extractor  
  95  12:18  Extractor  
  95  12:20  Extractor  
  95  12:22  Extractor  
  82  13:03  Lurker Den  
  81  13:10  Ultralisk Cavern  
  81  13:11  Lurker Den, Ultralisk Cavern  
  78  13:12  Overlord  
  78  13:13  Overlord x4  
  78  13:21  Overseer  
  78  13:56  Nydus Network  
  78  14:01  Zerg Missile Weapons Level 3, Zerg Melee Weapons Level 3  
  78  14:02  Zerg Ground Armor Level 3  
  77  14:06  Zerg Flyer Armor Level 1, Zerg Flyer Weapons Level 1  
  77  14:08  Greater Spire  
  77  14:20  Chitinous Plating  
  77  14:30  Seismic Spines, Adaptive Talons  
  77  14:38  Nydus Canal  
  77  15:16  Overlord x3  
  77  15:32  Zergling x6  
  77  15:33  Zergling x4  
  77  15:34  Roach x4, Hydralisk x5  
  77  15:35  Roach, Hydralisk  
  104  15:36  Roach x4  
  104  15:37  Ultralisk x3  
  104  15:39  Corruptor, Anabolic Synthesis  
  104  15:40  Corruptor x7  
  104  15:41  Corruptor x2  
  104  15:42  Hydralisk x3  
  156  16:22  Ravager x5  
  156  16:23  Ravager  
  162  16:30  Lurker x4  
  166  16:39  Zergling x2  
  167  16:40  Zergling x54  
  167  16:41  Zergling x12  
  200  17:59  Zerg Flyer Weapons Level 2  
  200  18:00  Zerg Flyer Armor Level 2  
  200  18:08  Adrenal Glands  
  200  19:02  Nydus Canal  
  200  19:59  Overseer  
  146  21:18  Hydralisk  
  146  21:19  Hydralisk x4  
  146  21:22  Roach x3  
  146  21:23  Zergling x4, Roach x3  
  146  21:24  Zergling x4  
  146  21:25  Roach x5  
  182  21:26  Roach x4  
  182  21:27  Hydralisk x3  
  196  22:00  Overseer  
  196  24:09  Nydus Canal  
  196  24:51  Hydralisk x8  
  164  24:56  Roach x14  
  164  24:57  Ultralisk x2  
  164  24:58  Roach x4  
  162  25:00  Zergling x6  
  162  25:01  Corruptor x6  
  162  25:02  Corruptor x5  
  169  25:42  Overseer x4  
  155  25:54  Nydus Canal  
  135  26:34  Hydralisk x5  
  135  26:35  Mutalisk x4  
  135  26:36  Hydralisk, Mutalisk x4  
  135  26:37  Hydralisk x6  
  135  26:38  Hydralisk x3  
  135  26:39  Mutalisk x6  
  189  26:40  Hydralisk x2, Mutalisk  
  198  26:56  Nydus Canal  
  198  27:06  Overseer  
  89  27:53  Corruptor x6  
  89  27:54  Corruptor x4  
  89  27:55  Corruptor x6  
  89  27:56  Corruptor x5  
  89  27:57  Corruptor  
  133  27:59  Ultralisk x3  
  133  28:00  Hydralisk x2  
  133  28:01  Hydralisk x5  
  133  28:02  Hydralisk x4  
  173  28:27  Nydus Canal  
  173  28:50  Brood Lord x12  
  197  29:21  Nydus Canal  
  197  30:12  Nydus Canal  
  119  31:29  Zergling x10  
  119  31:30  Zergling x2, Roach  
  119  31:31  Hydralisk x3, Roach x4  
  119  31:32  Hydralisk x4  
  145  31:34  Zergling x8  
  145  31:35  Zergling x2  
Show
View Real Time Build Order
Export as new Build Order

tigro Terran 

Build Orders:  

Get SALT Encoding   

  12  0:05  SCV  
  13  0:18  Supply Depot  
  13  0:26  SCV  
  14  0:34  Refinery  
  14  0:38  SCV  
  15  0:50  SCV  
  16  0:59  Barracks  
  16  1:03  SCV  
  17  1:04  Refinery  
  17  1:31  SCV  
  18  1:43  SCV  
  18  1:44  Supply Depot  
  19  1:51  Barracks, Marine  
  20  1:55  SCV  
  21  2:07  SCV  
  22  2:09  Marine  
  23  2:19  SCV  
  24  2:23  Engineering Bay  
  24  2:27  Marine  
  25  2:42  Barracks Tech Lab  
  25  2:44  Marine  
  26  2:56  Factory  
  26  3:02  Combat Shield, Marine  
  27  3:07  Marauder  
  29  3:20  Marine  
  29  3:24  Orbital Command, Refinery  
  30  3:45  Barracks Tech Lab  
  30  4:06  Marine  
  30  4:08  Supply Depot  
  31  4:21  Stimpack  
  31  4:24  Marine, Factory Tech Lab  
  32  4:42  Marine  
  33  4:52  Missile Turret  
  33  5:00  Marine  
  33  5:03  Siege Tank  
  37  5:18  Marine  
  38  5:26  Missile Turret  
  38  5:35  Siege Tank  
  41  5:40  Hi-Sec Auto Tracking  
  41  6:01  Concussive Shells  
  41  6:11  Missile Turret  
  41  6:36  Neosteel Armor  
  41  6:51  Factory  
  41  7:17  SCV  
  42  7:49  Missile Turret  
  42  7:52  Missile Turret  
  42  8:06  Factory Tech Lab  
  42  8:08  Infernal Pre-Igniter  
  42  8:13  Command Center  
  42  8:17  Terran Infantry Armor Level 1  
  42  8:22  Missile Turret  
  42  8:32  Siege Tank  
  45  8:51  Missile Turret  
  45  9:04  Siege Tank  
  48  9:27  Mag-Field Accelerator  
  48  9:29  Planetary Fortress  
  48  9:36  Siege Tank, Refinery  
  48  9:37  Missile Turret  
  51  10:08  Siege Tank  
  51  10:11  Command Center, Terran Infantry Weapons Level 1  
  54  10:35  Missile Turret  
  54  10:40  Siege Tank  
  57  11:08  Starport  
  57  11:12  Missile Turret  
  57  11:32  Marine  
  58  11:34  Marine  
  59  11:45  Armory  
  59  11:49  Marine  
  59  11:52  Marine  
  61  12:07  Marine  
  62  12:10  Marine  
  63  12:15  Medivac  
  63  12:22  Starport  
  65  12:25  Marine  
  65  12:28  Marine  
  67  12:43  Marine  
  65  12:45  Medivac, Marine  
  68  13:11  Starport Tech Lab  
  68  13:15  Medivac  
  70  13:31  Planetary Fortress  
  70  13:46  Refinery  
  70  13:57  Missile Turret  
  70  14:11  Thor  
  70  14:14  Siege Tank  
  70  14:16  Missile Turret  
  79  14:42  Terran Vehicle And Ship Armor Level 1  
  79  14:46  Siege Tank  
  79  14:51  Missile Turret  
  82  14:54  Siege Tank  
  85  15:06  Fusion Core  
  85  15:26  Siege Tank  
  88  15:29  Missile Turret  
  88  15:56  Starport Tech Lab  
  88  15:57  Corvid Reactor  
  88  16:37  Terran Vehicle Weapons Level 1  
  88  17:16  Cloaking Field  
  88  17:18  SCV  
  89  17:25  Missile Turret  
  89  17:30  SCV  
  90  18:20  Supply Depot  
  90  18:23  Missile Turret  
  90  18:31  Terran Ship Weapons Level 1  
  90  18:44  Supply Depot  
  90  18:50  Missile Turret  
  90  18:57  Battlecruiser  
  96  19:20  Refinery  
  96  19:30  Missile Turret  
  96  19:41  SCV  
  97  19:53  SCV  
  98  20:24  Missile Turret  
  81  21:54  Starport  
  81  21:57  Missile Turret  
  81  22:38  Armory, Siege Tank  
  81  22:43  Missile Turret  
  84  23:10  Siege Tank  
  87  23:27  Command Center  
  87  23:29  Missile Turret  
  87  23:35  Starport Tech Lab  
  87  23:42  Siege Tank  
  90  24:33  Fusion Core  
  90  25:19  Hyperflight Rotors, Missile Turret  
  90  25:22  Weapon Refit  
  90  25:44  Planetary Fortress  
  90  26:31  SCV  
  91  26:39  SCV  
  92  26:42  Missile Turret  
  92  26:51  SCV  
  92  26:52  Marauder  
  95  26:56  Thor  
  101  27:02  Rapid Reignition System  
  101  27:14  Marauder  
  103  27:35  Marauder  
  103  27:56  Marauder  
  103  27:58  Advanced Ballistics  
  103  28:18  Marauder  
Show
View Real Time Build Order
Export as new Build Order

TATORREA Terran 

Build Orders:  

Get SALT Encoding   

  12  0:15  Refinery  
  12  0:23  Supply Depot  
  12  0:47  SCV  
  12  0:49  Engineering Bay  
  13  0:59  SCV  
  14  1:23  Refinery  
  14  1:40  Barracks  
  14  2:07  Supply Depot  
  14  2:23  Command Center  
  14  2:30  Supply Depot  
  14  2:33  SCV  
  15  2:39  Barracks Tech Lab  
  15  2:45  SCV  
  16  2:58  SCV  
  17  3:01  Factory  
  17  3:10  SCV  
  18  3:35  Refinery  
  18  3:36  Refinery  
  18  3:48  Armory  
  18  3:49  Factory Tech Lab  
  18  4:11  Refinery  
  18  4:22  SCV  
  19  4:29  Siege Tank  
  22  4:34  SCV  
  23  4:40  SCV  
  24  4:46  SCV  
  25  4:55  SCV  
  25  4:58  SCV  
  27  5:22  Missile Turret  
  27  5:35  SCV  
  28  5:42  Missile Turret  
  28  5:47  SCV  
  29  6:01  Siege Tank  
  32  6:06  Reaper  
  33  6:30  SCV  
  34  6:42  SCV  
  35  6:54  SCV  
  35  6:59  Starport  
  35  7:00  Terran Vehicle Weapons Level 1  
  36  7:06  SCV  
  37  7:18  SCV  
  38  7:46  Terran Infantry Weapons Level 1  
  38  7:52  Siege Tank  
  41  8:06  Missile Turret  
  41  8:18  Missile Turret  
  41  8:19  Starport Tech Lab  
  41  8:28  Missile Turret  
  41  8:36  Siege Tank  
  41  8:39  Missile Turret  
  41  8:41  Viking  
  46  8:54  Terran Ship Weapons Level 1  
  46  9:09  Fusion Core, Orbital Command  
  46  9:11  Viking  
  46  9:12  Orbital Command  
  48  9:25  Siege Tank  
  51  9:40  Terran Infantry Armor Level 1  
  51  9:57  Siege Tank  
  54  10:24  Supply Depot  
  54  10:46  Siege Tank  
  54  10:48  Supply Depot, Terran Vehicle And Ship Armor Level 1  
  57  11:09  Battlecruiser  
  57  11:10  Supply Depot  
  63  11:18  Thor  
  69  11:34  Hi-Sec Auto Tracking  
  69  11:59  Weapon Refit  
  69  12:14  Battlecruiser  
  75  12:31  Neosteel Armor  
  75  12:42  Terran Vehicle Weapons Level 2  
  75  13:39  Rapid Reignition System  
  75  13:40  Supply Depot  
  75  14:01  Thor  
  81  14:03  Supply Depot  
  81  14:11  Terran Infantry Weapons Level 2  
  81  14:25  Battlecruiser  
  87  14:44  Thor  
  93  14:58  Supply Depot, Terran Ship Weapons Level 2  
  93  15:12  Missile Turret  
  93  15:19  Supply Depot  
  93  15:32  Missile Turret  
  93  15:49  Missile Turret  
  93  15:54  Missile Turret  
  93  16:10  Missile Turret  
  93  16:12  Missile Turret  
  93  16:15  Missile Turret  
  93  16:22  Thor  
  105  16:25  Battlecruiser  
  105  16:26  Terran Infantry Armor Level 2  
  105  16:31  Supply Depot  
  105  16:59  Missile Turret  
  105  17:05  Thor  
  111  17:09  Missile Turret  
  111  17:13  Terran Vehicle And Ship Armor Level 2  
  111  17:25  Missile Turret  
  117  17:30  Battlecruiser  
  117  17:33  Supply Depot  
  117  17:39  Missile Turret  
  117  17:54  Thor  
  117  17:56  Supply Depot  
  123  18:00  Missile Turret  
  123  18:02  Missile Turret  
  123  18:19  Supply Depot  
  123  18:22  Missile Turret  
  123  18:27  Missile Turret  
  129  18:34  Battlecruiser  
  129  18:40  Thor  
  135  18:42  Terran Infantry Weapons Level 3  
  135  18:44  Supply Depot  
  135  18:56  Advanced Ballistics  
  135  19:06  Supply Depot  
  135  19:29  Terran Vehicle Weapons Level 3  
  135  19:33  Missile Turret  
  135  19:38  Battlecruiser  
  141  19:50  Missile Turret  
  141  19:53  Missile Turret  
  141  19:58  Supply Depot  
  141  20:11  Missile Turret  
  141  20:20  Command Center  
  141  20:21  Supply Depot  
  141  20:37  Missile Turret  
  141  20:44  Supply Depot  
  141  21:18  Command Center  
  141  21:19  Terran Infantry Armor Level 3  
  141  21:33  Refinery  
  141  21:36  Refinery  
  141  21:46  Supply Depot  
  141  21:48  Refinery  
  141  21:50  Orbital Command  
  141  22:06  Terran Ship Weapons Level 3  
  141  22:20  Supply Depot, Thor  
  147  22:36  Orbital Command  
  147  23:44  Thor  
  153  24:27  Thor  
  155  24:43  Terran Vehicle And Ship Armor Level 3  
  131  25:10  Thor  
  95  25:40  Marauder  
  84  25:53  Thor  
  88  26:01  Marauder  
  90  26:23  Marauder  
  92  26:44  Marauder  
  94  27:05  Marauder  
  96  27:23  Command Center  
  85  28:22  Thor  
  91  28:36  SCV  
  92  28:48  SCV  
  93  29:49  SCV  
  94  30:01  SCV  
  95  30:13  SCV  
  96  30:25  SCV  
  97  30:37  SCV  
Tags
 
Add a new tag
Caveats
  • Supply blocks, unpowered buildings, or Contaminate may cause inaccurate times.
  • Supply counts are checked every 10 seconds.